 Dungeon Crawl Stone Soup version 0.22-a0-515-g75794bf (webtiles) character file.

20 Amnesiac the Ducker (level 2, -1/16 HPs)
             Began as a Spriggan Berserker on June 19, 2018.
             Was a Follower of Trog.
             Slain by a quokka (5 damage)
             ... on level 2 of the Dungeon.
             The game lasted 00:01:24 (810 turns).

Amnesiac the Ducker (Spriggan Berserker)             Turns: 810, Time: 00:01:24

Health: -1/16      AC:  2    Str: 13    XL:     2   Next: 58%
Magic:  3/3        EV: 20    Int:  8    God:    Trog [*.....]
Gold:   22         SH:  0    Dex: 15    Spells: 1/1 levels left

rFire    . . .     SeeInvis +   a - +0 short sword
rCold    . . .     Gourm    .   (shield restricted)
rNeg     . . .     Faith    .   b - +0 animal skin
rPois    .         Spirit   .   (helmet restricted)
rElec    .         Reflect  .   (no cloak)
rCorr    .         Harm     .   (gloves unavailable)
MR       .....                  (boots unavailable)
Stlth    +.........             (no amulet)
HPRegen  0.05/turn              (no ring)
MPRegen  0.08/turn              (no ring)

@: very quick
A: very small, unfitting armour, see invisible, herbivore, speed 3, slow
metabolism 2
a: Berserk, Renounce Religion


You were on level 2 of the Dungeon.
You worshipped Trog.
Trog was aware of your devotion.
You were not hungry.

You visited 1 branch of the dungeon, and saw 2 of its levels.

You collected 22 gold pieces.

Inventory:

Hand Weapons
 a - a +0 short sword (weapon)
Missiles
 e - 21 stones (quivered)
 f - 2 tomahawks of returning
 h - 17 sling bullets
Armour
 b - a +0 animal skin (worn)
 g - a +0 hat
Jewellery
 d - a +2 ring of evasion {unknown}
Scrolls
 i - a scroll of identify {!r, unknown}
 j - 2 scrolls of teleportation {!r, unknown}
Comestibles
 c - 3 rations


   Skills:
 * Level 3.0 Fighting
 - Level 3.2 Short Blades
 + Level 4.8 Dodging


You had one spell level left.
You didn't know any spells.
Your spell library was empty.

Dungeon Overview and Level Annotations

Branches:
Dungeon (2/15)

Altars:


Innate Abilities, Weirdness & Mutations

You are very small and have problems with some larger weapons.
You are too small for most types of armour.
You have supernaturally acute eyesight. (SInv)
You are a herbivore.
You cover ground extremely quickly.
You need to consume almost no food.


Message History

You see here 2 scrolls labeled CEFOULUNUE {!r}.
A giant cockroach is nearby!
A giant cockroach is nearby!
You hit the giant cockroach.
The giant cockroach is heavily wounded.
The giant cockroach bites you.
You hit the giant cockroach.
The giant cockroach is almost dead.
The giant cockroach closely misses you.
You hit the giant cockroach.
You kill the giant cockroach!
Trog accepts your kill.
Your Fighting skill increases to level 3!
No target in view!
No target in view!
No target in view!
j - 2 scrolls labeled CEFOULUNUE {!r} A ball python comes into view.
A ball python is nearby!
A ball python is nearby!
A hobgoblin comes into view. It is wielding a club.
A quokka comes into view.
Found a scroll labeled UHURUCO MANUXA and a ration.
The ball python hisses angrily.
The ball python closely misses you. The ball python barely misses you.
You hit the ball python.
You kill the ball python!
Trog accepts your kill.
You hit the hobgoblin.
You kill the hobgoblin!
Trog accepts your kill.
You barely miss the quokka. The quokka bites you.
You closely miss the quokka. The quokka misses you.
You hit the quokka but do no damage. The quokka misses you.
You barely miss the quokka. The quokka barely misses you.
You closely miss the quokka. The quokka completely misses you.
You closely miss the quokka. The quokka barely misses you.
You hit the quokka.
The quokka is lightly wounded.
The quokka bites you. x2
* * * LOW HITPOINT WARNING * * *
You hit the quokka but do no damage.
The quokka is lightly wounded.
The quokka misses you.
You hit the quokka.
The quokka is heavily wounded.
The quokka misses you.
You miss the quokka.
The quokka is heavily wounded.
The quokka misses you.
You closely miss the quokka.
The quokka is heavily wounded.
The quokka bites you.
* * * LOW HITPOINT WARNING * * *
You are too injured to fight recklessly!
You are too injured to fight recklessly!
You are too injured to fight recklessly!
You are too injured to fight recklessly!
You are too injured to fight recklessly!
You are too injured to fight recklessly!
You hit the quokka.
The quokka is almost dead.
The quokka bites you.
You die...

#.### #.....
#.#######
##.#..#
#...$...#
#(....# #
#.####....
#..#[.. ##.##.#
. #..#...
#.....# #......
#.##.##.#
#.#.†<.
........##.#...
# #.#.#
#.##.#.@r.....#
.....# #
#...)##.##?%
...#.### ###..#
# ###.#. .... #
# ....# ###.##
##


You could see a quokka.

Vanquished Creatures
  2 leopard geckos (D:1)
  A ball python (D:2)
  2 giant cockroaches
  2 goblins (D:1)
  3 hobgoblins
  A bat (D:1)
  3 frilled lizards (D:1)
  A kobold (D:1)
  3 rats (D:1)
18 creatures vanquished.

Vanquished Creatures (others)
  A frilled lizard (D:1)
1 creature vanquished.

Grand Total: 19 creatures vanquished

Notes
Turn   | Place    | Note
-------+----------+-------------------------------------------
     0 | D:1      | Amnesiac the Spriggan Berserker began the quest for the Orb.
     0 | D:1      | Reached XP level 1. HP: 11/11 MP: 2/2
   243 | D:1      | Reached XP level 2. HP: 13/16 MP: 3/3
   810 | D:2      | Slain by a quokka

Vault maps used:
D:1:      matt_arrival_los_fun, lemuel_old_faithful
D:2:      makhleb_grotto_becter, st_stairs_12

Skill      XL: |  1  2 |
---------------+-------+-----
Fighting       | 3 |  3.0
Short Blades   | |  3.2
Dodging        | |  4.8

Action                   || total
-------------------------++-------
Melee: Short sword       ||    55
 Stab: Sleeping          ||     3
Armor: Animal skin       ||     4
Dodge: Dodged            ||    36

Table legend:
 A = Spawn XP
 B = Non-spawn XP
 C = Spawn XP percentage of total XP
 D = Spawn monster count
 E = Non-spawn monster count
 F = Spawn count percentage of total count
 G = Total turns spent on level
                    A         B        C        D         E        F      G
               +---------+---------+-------+---------+---------+-------+---------
         Total |       0 |      29 |   0.0 |       0 |      18 |   0.0 |   810
               +---------+---------+-------+---------+---------+-------+---------
           D:1 |       0 |      23 |   0.0 |       0 |      15 |   0.0 |   755
           D:2 |       0 |       6 |   0.0 |       0 |       3 |   0.0 |    55
               +---------+---------+-------+---------+---------+-------+---------
